 Dungeon Crawl Stone Soup version 0.31.0-11-ge490571c62 (webtiles) character file.

Game seed: 7583911412557099345

266 stipulation the Scholar of Death (level 6, -5/28 HPs)
             Began as a Vine Stalker Necromancer on Jan 28, 2024.
             Was a Follower of Kikubaaqudgha.
             Slain by Menkaure (16 damage)
             ... on level 4 of the Dungeon.
             The game lasted 00:04:36 (2908 turns).

stipulation the Scholar of Death (VSNe)             Turns: 2908, Time: 00:04:37

Health: -5/28      AC:  2    Str: 11    XL:     6   Next: 20%
Magic:  0/22       EV: 12    Int: 17    God:    Kikubaaqudgha [*.....]
Gold:   132        SH:  0    Dex: 14    Spells: 5/13 levels left

rFire   . . .        e - +1 short sword (protect)
rCold   . . .        (no shield)
rNeg    . . .        a - +0 robe
rPois   .            (no helmet)
rElec   .            (no cloak)
rCorr   .            (no gloves)
SInv    .            (no boots)
Will    .....        (no amulet)
Stlth   ++           g - ring of magical power
HPRegen 1.04/turn    (no ring)
MPRegen 0.18/turn

%: guardian spirit
@: no status effects
A: fangs 2, regeneration 1, magic shield, antimagic bite, no potion heal 2
a: Renounce Religion, Unearth Wretches


You were on level 4 of the Dungeon.
You worshipped Kikubaaqudgha.
Kikubaaqudgha was aware of your devotion.
You visited 1 branch of the dungeon, and saw 4 of its levels.

You collected 132 gold pieces.

Inventory:

Hand Weapons
 d - a +0 club
 e - a +1 short sword of protection (weapon)
Armour
 a - a +0 robe (worn)
Magical Staves
 r - a staff of alchemy
Jewellery
 g - a ring of magical power (left hand)
 p - an amulet of regeneration
Wands
 q - a wand of paralysis (13)
Scrolls
 j - 3 scrolls of identify {unknown}
 k - a scroll of teleportation {unknown}
 m - a scroll of blinking {unknown}
 s - a scroll of noise {unknown}
Potions
 b - a potion of magic
 c - 2 potions of heal wounds {unknown}
 f - 2 potions of haste {unknown}
 h - 2 potions of degeneration {unknown}
 i - 3 potions of curing {unknown}
 l - a potion of brilliance {unknown}
 n - 2 potions of attraction {unknown}
 o - a potion of might {unknown}
 t - a potion of invisibility {unknown}


   Skills:
 - Level 2.0 Short Blades
 - Level 1.5 Dodging
 - Level 2.4 Stealth
 + Level 4.3 Spellcasting
 + Level 5.6 Necromancy


You had 5 spell levels left.
You knew the following spells:

 Your Spells              Type           Power      Damage    Failure   Level
a - Necrotise             Necr           88%        1d8       1%          1
b - Vampiric Draining     Necr           22%        2d7       4%          3
c - Animate Dead          Necr           22%        N/A       16%         4

Your spell library contained the following spells:

 Spells                   Type           Power      Damage    Failure   Level
 Sublimation of Blood     Necr           22%        N/A       2%          2
 Kiss of Death            Conj/Necr      52%        2d9       4%          1
 Fugue of the Fallen      Necr           22%        N/A       4%          3
 Apportation              Tloc           6%         N/A       16%         1
 Sting                    Conj/Alch      12%        1d3       16%         1
 Summon Small Mammal      Summ           12%        N/A       16%         1
 Curse of Agony           Necr           22%        N/A       38%         5
 Summon Ice Beast         Ice/Summ       3%         N/A       41%         3
 Summon Mana Viper        Hex/Summ       3%         N/A       99%         5
 Monstrous Menagerie      Summ           1%         N/A       100%        7


Dungeon Overview and Level Annotations

Branches:
Dungeon (4/15)
 Temple: D:4-7

Altars:
Cheibriados
Kikubaaqudgha
Xom

Annotations:
D:2 Sigmund
D:4 Duvessa, Menkaure


Innate Abilities, Weirdness & Mutations

You have extremely sharp teeth.
Your natural rate of healing is unusually fast.
When hurt, damage is shared between your health and your magic reserves.
Your bite disrupts and absorbs the magic of your enemies.
Potions cannot restore your health.


Message History

The floor, spattered with blood.
Okay, then.
You hit Menkaure.
Your weapon exudes an aura of protection.
You bite Menkaure.
Menkaure's magic leaks into the air.
You drain his magic.
You feel invigorated.
Menkaure is moderately damaged.
Menkaure falters for a moment.
The orc barely misses you.
Your adder skeleton barely misses the orc.
You barely miss Menkaure. You bite Menkaure, but do no damage.
Menkaure is moderately damaged.
Menkaure falters for a moment.
The orc misses you.
Your adder skeleton bites the orc.
You barely miss Menkaure. You bite Menkaure, but do no damage.
Menkaure is moderately damaged.
Menkaure barely misses you.
Your adder skeleton barely misses the orc.
The orc hits you but does no damage. Menkaure hits you.
You barely miss Menkaure.
Menkaure is moderately damaged.
Your adder skeleton bites the orc but does no damage.
The orc misses you.
Menkaure falters for a moment.
You barely miss Menkaure. Your bite misses Menkaure.
Menkaure is moderately damaged.
Your adder skeleton bites the orc.
The orc hits you with a +2 dagger of flaming.
The orc burns you. Menkaure hits you!
* * * LOW HITPOINT WARNING * * *
Casting: Vampiric Draining (quite dangerous; 4% risk of failure)
Confirm with . or Enter, or press ? or * to list all spells.
Aiming: Vampiric Draining (quite dangerous; 4% risk of failure)
Press: ? - help, Shift-Dir - straight line, f - orc
Aim: an orc, wielding a +2 dagger of flaming and wearing a +0 leather armour (moderately wounded)
You draw life force from the orc!
You kill the orc!
Kikubaaqudgha accepts your kill.
You feel life coursing into your body. Menkaure hits you!
Ouch! That really hurt!
You die...
Kikubaaqudgha rasps: "You have failed me!
Welcome... death!"

###.#.... ###†..##...
###...#..#...
#####.†.####.##..
###.#...#.#..#.†#..
###...##.##)...##.##.
###...#o.#..#.....#..#.
.#...####.##.##....##.##
...###.@Mo.#..#..###....
#.##...Z##†##.####...###
#..#.....#).#..#...###
##.##....##.##...###.###
#..#..###.....###.....#
##.####...##### #..##..
#..#...### #..####
##...### #..# #.## #.†#


You could see Menkaure (fast, magic disrupted), 2 orcs and a friendly adder
skeleton.

Vanquished Creatures
  A scorpion (D:4)
  A bombardier beetle (D:3)
  An orc priest (D:4)
  An iguana (D:4)
  3 adders
  4 dart slugs
  2 orcs (D:4)
  9 ball pythons
  7 bats
  3 endoplasms
  4 giant cockroaches
  6 goblins
  5 hobgoblins
  13 kobolds
  2 quokkas
  3 frilled lizards
  3 rats
68 creatures vanquished.

Vanquished Creatures (collateral kills)
  An adder (D:2)
  A ribbon worm (D:3)
  A hobgoblin (D:3)
3 creatures vanquished.

Grand Total: 71 creatures vanquished

Notes
Turn   | Place    | Note
-------+----------+-------------------------------------------
     0 | D:1      | stipulation the Vine Stalker Necromancer began the quest
                  | for the Orb.
     0 | D:1      | Reached XP level 1. HP: 9/9 MP: 4/4
   160 | D:1      | Reached XP level 2. HP: 12/13 MP: 1/6
   599 | D:1      | Reached XP level 3. HP: 15/16 MP: 6/8
  1165 | D:2      | Noticed Sigmund
  1544 | D:3      | Reached skill level 1 in Short Blades
  1544 | D:3      | Reached XP level 4. HP: 21/21 MP: 10/10
  1548 | D:3      | Learned a level 3 spell: Vampiric Draining
  1553 | D:3      | Learned a level 4 spell: Animate Dead
  1624 | D:3      | Found an ancient bone altar of Kikubaaqudgha.
  1627 | D:3      | Found a shimmering altar of Xom.
  1631 | D:3      | Found a snail-covered altar of Cheibriados.
  1666 | D:3      | Became a worshipper of Kikubaaqudgha
  2140 | D:2      | Found a faded altar of an unknown god.
  2263 | D:2      | Reached XP level 5. HP: 24/24 MP: 11/11
  2371 | D:2      | Reached skill level 5 in Necromancy
  2634 | D:4      | Noticed Duvessa
  2789 | D:4      | Reached XP level 6. HP: 28/28 MP: 10/13
  2885 | D:4      | Reached * piety under Kikubaaqudgha
  2885 | D:4      | Received a gift from Kikubaaqudgha
  2889 | D:4      | Noticed Menkaure
  2908 | D:4      | Slain by Menkaure

Illustrated notes

Levels and vault maps discovered:
D:1:      wander_arrival_lonely_grave, layout_loops_cross,
          chequers_serial_rivers_marsh, serial_bayou_pond_e
D:2:      layout_basic, shapermc_ecumenical_altar_gd, minmay_surrounded,
          uniq_sigmund
D:3:      layout_rooms, grunt_temple_overflow_diamond, nicolae_titane
D:4:      minmay_skewed_foursquare, layout_layer_cave, uniq_duvessa,
          uniq_menkaure

Skill      XL: |  1  2  3  4  5 |
---------------+----------------+-----
Spellcasting   | 3 4 |  4.3
Short Blades   | 1 2 |  2.0
Necromancy     | 5 |  5.6
Dodging        | |  1.5
Stealth        | |  2.4

Action                     |  1- 3 |  4- 6 || total
---------------------------+-------+-------++-------
  Melee: Bite              |    12 |     6 ||    18
         Club              |    23 |       ||    23
         Unarmed           |     2 |       ||     2
         Short sword       |    10 |    22 ||    32
   Cast: Necrotise         |    63 |    60 ||   123
         Vampiric Draining |       |     3 ||     3
   Stab: Sleeping          |     1 |       ||     1
 Armour: Robe              |    21 |    28 ||    49
  Dodge: Dodged            |    35 |    38 ||    73
